| TOP OF THE 1ST |
|
San Diego (APP) Padres batting - Pitching for Grand Junction Rockies : RHP Mitch Guerrero
|
|
Pitching: RHP Mitch Guerrero
|
|
|
Batting: SHB Yutaro Takahashi
|
0-0: Ball 1-0: Foul Ball, location: 2F 1-1: Foul Ball, location: 2F 1-2: Ground out 5-3 (Groundball, 5, EV 104.4 MPH)
|
|
Batting: LHB Ramon Vega
|
0-0: Foul Ball, location: 2F 0-1: Swinging Strike 0-2: Ball 1-2: Ball 2-2: Foul Ball, location: 2F 2-2: Ground out 6-3 (Groundball, 6, EV 92.5 MPH)
|
|
Batting: RHB Antonio Lara
|
0-0: Ball 1-0: Ball 2-0: Called Strike 2-1: Foul Ball, location: 2F 2-2: Ball 3-2: Base on Balls
|
|
Batting: RHB Freddie Brown
|
0-0: Ball 1-0: Foul Ball, location: 2F 1-1: Ball 2-1: Ball 3-1: Called Strike 3-2: Foul Ball, location: 2F 3-2: Strikes out looking
|
| Top of the 1st over - 0 runs, 0 hits, 0 errors, 1 left on base; San Diego (APP) 0 - Grand Junction 0 |
| BOTTOM OF THE 1ST |
|
Grand Junction Rockies batting - Pitching for San Diego (APP) Padres : RHP Roger Watkins
|
|
Pitching: RHP Roger Watkins
|
|
|
Batting: RHB Juan Figueroa
|
0-0: Bunted foul 0-1: Ball 1-1: Swinging Strike 1-2: Strikes out looking
|
|
Batting: LHB Zack Guillen
|
0-0: Swinging Strike 0-1: SINGLE (Groundball, 4D, EV 100.0 MPH)
|
|
Batting: LHB Luke Coulter
|
0-0: Foul Ball, location: 2F 0-1: Fly out, F8 (Line Drive, 8LD, EV 95.6 MPH)
|
|
Batting: LHB Chris Salim
|
0-0: Called Strike 0-1: Ball 1-1: Ball 2-1: Called Strike 2-2: Foul Ball, location: 2F 2-2: Foul Ball, location: 2F 2-2: Fly out, F7 (Flyball, 7D, EV 100.6 MPH)
|
| Bottom of the 1st over - 0 runs, 1 hit, 0 errors, 1 left on base; San Diego (APP) 0 - Grand Junction 0 |
| TOP OF THE 2ND |
|
San Diego (APP) Padres batting - Pitching for Grand Junction Rockies : RHP Mitch Guerrero
|
|
Batting: LHB Hugo MacBeth
|
0-0: Ball 1-0: Foul Ball, location: 2F 1-1: Foul Ball, location: 2F 1-2: Fly out, F9 (Flyball, 89M, EV 88.1 MPH)
|
|
Batting: LHB Phil Lerner
|
0-0: Swinging Strike 0-1: Ball 1-1: Foul Ball, location: 2F 1-2: Strikes out swinging
|
|
Batting: RHB Aaron Joseph
|
0-0: Ground out 5-3 (Groundball, 56S, EV 68.1 MPH)
|
| Top of the 2nd over - 0 runs, 0 hits, 0 errors, 0 left on base; San Diego (APP) 0 - Grand Junction 0 |
| BOTTOM OF THE 2ND |
|
Grand Junction Rockies batting - Pitching for San Diego (APP) Padres : RHP Roger Watkins
|
|
Batting: RHB Henry Alvizo
|
0-0: Foul Ball, location: 2F 0-1: Called Strike 0-2: Strikes out swinging
|
|
Batting: RHB Willis Morales
|
0-0: SINGLE (Flyball, 56D, EV 80.6 MPH)
|
|
Batting: RHB Bryce Hickman
|
0-0: Called Strike Willis Morales steals 2nd base 0-1: DOUBLE (Line Drive, 9LM, EV 102.5 MPH) Willis Morales scores
|
|
Batting: RHB Zakhar Edelman
|
0-0: Ball 1-0: Called Strike 1-1: Called Strike 1-2: Ground out 6-3 (Groundball, 6, EV 80.6 MPH)
|
|
Batting: LHB Harry Folsom
|
0-0: Fly out, F8 (Flyball, 89XD, EV 82.5 MPH)
|
| Bottom of the 2nd over - 1 run, 2 hits, 0 errors, 1 left on base; San Diego (APP) 0 - Grand Junction 1 |
| TOP OF THE 3RD |
|
San Diego (APP) Padres batting - Pitching for Grand Junction Rockies : RHP Mitch Guerrero
|
|
Batting: RHB Max Stillo
|
0-0: Ball 1-0: Called Strike 1-1: Fly out, F9 (Flyball, 89M, EV 96.2 MPH)
|
|
Batting: RHB Brent Little
|
0-0: Ball 1-0: Ball 2-0: Foul Ball, location: 2F 2-1: Foul Ball, location: 2F 2-2: Strikes out looking
|
|
Batting: SHB Yutaro Takahashi
|
0-0: Ball 1-0: Called Strike 1-1: Foul Ball, location: 2F 1-2: Ball 2-2: Foul Ball, location: 2F 2-2: Ball 3-2: Foul Ball, location: 2F 3-2: Foul Ball, location: 2F 3-2: SOLO HOME RUN (Flyball, 89XD, EV 106.2 MPH), Distance : 429 ft
|
|
Batting: LHB Ramon Vega
|
0-0: Ball 1-0: Ball 2-0: Ball 3-0: Called Strike 3-1: Base on Balls
|
|
Batting: RHB Antonio Lara
|
0-0: Called Strike 0-1: Called Strike 0-2: Strikes out looking
|
| Top of the 3rd over - 1 run, 1 hit, 0 errors, 1 left on base; San Diego (APP) 1 - Grand Junction 1 |
| BOTTOM OF THE 3RD |
|
Grand Junction Rockies batting - Pitching for San Diego (APP) Padres : RHP Roger Watkins
|
|
Batting: RHB Juan Figueroa
|
0-0: Called Strike 0-1: Foul Ball, location: 2F 0-2: Ball 1-2: Ball 2-2: Foul Ball, location: 2F 2-2: Fly out, F5 (Popup, 25, EV 89.4 MPH)
|
|
Batting: LHB Zack Guillen
|
0-0: Ball 1-0: Foul Ball, location: 2F 1-1: Ground out 4-3 (Groundball, 4, EV 79.4 MPH)
|
|
Batting: LHB Luke Coulter
|
0-0: Ball 1-0: Called Strike 1-1: Ball 2-1: Ground out U3 (Groundball, 3, EV 83.8 MPH)
|
| Bottom of the 3rd over - 0 runs, 0 hits, 0 errors, 0 left on base; San Diego (APP) 1 - Grand Junction 1 |
| TOP OF THE 4TH |
|
San Diego (APP) Padres batting - Pitching for Grand Junction Rockies : RHP Mitch Guerrero
|
|
Batting: RHB Freddie Brown
|
0-0: Called Strike 0-1: Ball 1-1: Foul Ball, location: 2F 1-2: Ball 2-2: Strikes out swinging
|
|
Batting: LHB Hugo MacBeth
|
0-0: Ball 1-0: Ball 2-0: Ground out 4-3 (Groundball, 4, EV 103.1 MPH)
|
|
Batting: LHB Phil Lerner
|
0-0: SINGLE (Line Drive, 89M, EV 100.0 MPH)
|
|
Batting: RHB Aaron Joseph
|
0-0: Foul Ball, location: 2F 0-1: Swinging Strike 0-2: Ball 1-2: Ball Phil Lerner steals 2nd base 2-2: DOUBLE (Line Drive, 89M, EV 92.5 MPH) Phil Lerner scores
|
|
Batting: RHB Max Stillo
|
0-0: Swinging Strike 0-1: Ball 1-1: Foul Ball, location: 2F 1-2: Ball 2-2: DOUBLE (Groundball, 5L, EV 100.6 MPH) Aaron Joseph scores
|
|
Pitching: RHP Jim Micaletti
|
|
|
Batting: RHB Brent Little
|
0-0: Called Strike 0-1: Ball 1-1: Ground out 6-3 (Groundball, 6S, EV 71.9 MPH)
|
| Top of the 4th over - 2 runs, 3 hits, 0 errors, 1 left on base; San Diego (APP) 3 - Grand Junction 1 |
| BOTTOM OF THE 4TH |
|
Grand Junction Rockies batting - Pitching for San Diego (APP) Padres : RHP Roger Watkins
|
|
Batting: LHB Chris Salim
|
0-0: Swinging Strike 0-1: Ball 1-1: Ball 2-1: Foul Ball, location: 2F 2-2: Ground out 6-3 (Groundball, 6, EV 91.9 MPH)
|
|
Batting: RHB Henry Alvizo
|
0-0: Called Strike 0-1: Ball 1-1: SINGLE (Groundball, P, EV 85.6 MPH) (infield hit)
|
|
Batting: RHB Willis Morales
|
0-0: Ball 1-0: Called Strike 1-1: Ball 2-1: Foul Ball, location: 2F 2-2: Fly out, F5 (Popup, 5SF, EV 79.4 MPH)
|
|
Batting: RHB Bryce Hickman
|
0-0: Called Strike Henry Alvizo steals 2nd base 0-1: Ball 1-1: Fly out, F9 (Line Drive, 9D, EV 96.2 MPH)
|
| Bottom of the 4th over - 0 runs, 1 hit, 0 errors, 1 left on base; San Diego (APP) 3 - Grand Junction 1 |
| TOP OF THE 5TH |
|
San Diego (APP) Padres batting - Pitching for Grand Junction Rockies : RHP Jim Micaletti
|
|
Batting: SHB Yutaro Takahashi
|
0-0: Ball 1-0: Foul Ball, location: 2F 1-1: Ball 2-1: Ball 3-1: Called Strike 3-2: SINGLE (Line Drive, 9S, EV 105.6 MPH)
|
|
Batting: LHB Ramon Vega
|
0-0: Swinging Strike 0-1: Ball 1-1: Ball 2-1: Ball 3-1: Called Strike 3-2: SINGLE (Line Drive, 7S, EV 93.8 MPH) Yutaro Takahashi to second Yutaro Takahashi to third
|
|
Batting: RHB Antonio Lara
|
0-0: Ball 1-0: Foul Ball, location: 2F 1-1: Called Strike Ramon Vega is caught stealing 2nd base 2-4 1-2: Ball 2-2: Strikes out swinging
|
|
Batting: RHB Freddie Brown
|
0-0: Ball 1-0: Called Strike 1-1: TRIPLE (Flyball, 89XD, EV 94.4 MPH) Yutaro Takahashi scores
|
|
Batting: LHB Hugo MacBeth
|
0-0: Called Strike 0-1: Ball 1-1: Called Strike 1-2: SINGLE (Groundball, 34D, EV 102.5 MPH) Freddie Brown scores
|
|
Batting: LHB Phil Lerner
|
0-0: Ball 1-0: SINGLE (Flyball, 5D, EV 91.9 MPH) Hugo MacBeth to second
|
|
Batting: RHB Aaron Joseph
|
0-0: Ball 1-0: Called Strike 1-1: DOUBLE (Groundball, 5L, EV 102.5 MPH) Hugo MacBeth scores Phil Lerner to third Runner from 3rd tries for Home, throw by LF and OUT! 7-6-2
|
| Top of the 5th over - 3 runs, 6 hits, 0 errors, 1 left on base; San Diego (APP) 6 - Grand Junction 1 |
| BOTTOM OF THE 5TH |
|
Grand Junction Rockies batting - Pitching for San Diego (APP) Padres : RHP Roger Watkins
|
|
Batting: RHB Zakhar Edelman
|
0-0: Ball 1-0: Called Strike 1-1: Ball 2-1: Foul Ball, location: 2F 2-2: Foul Ball, location: 2F 2-2: Ball 3-2: Base on Balls
|
|
Batting: LHB Harry Folsom
|
0-0: Ball Zakhar Edelman is caught stealing 2nd base 2-6 1-0: Ball 2-0: Ball 3-0: Called Strike 3-1: Foul Ball, location: 2F 3-2: Foul Ball, location: 2F 3-2: SINGLE (Groundball, 34S, EV 69.4 MPH) (infield hit)
|
|
Batting: RHB Juan Figueroa
|
0-0: Ball 1-0: Foul Ball, location: 2F 1-1: Swinging Strike 1-2: Strikes out looking Harry Folsom steals 2nd base Batter strikes out.
|
|
Batting: LHB Zack Guillen
|
0-0: Ball 1-0: Ball 2-0: Ball 3-0: Called Strike 3-1: Base on Balls
|
|
Batting: LHB Luke Coulter
|
0-0: Called Strike 0-1: Swinging Strike 0-2: Strikes out swinging
|
| Bottom of the 5th over - 0 runs, 1 hit, 0 errors, 2 left on base; San Diego (APP) 6 - Grand Junction 1 |
| TOP OF THE 6TH |
|
San Diego (APP) Padres batting - Pitching for Grand Junction Rockies : RHP Jim Micaletti
|
|
Batting: RHB Max Stillo
|
0-0: Ball 1-0: Ball 2-0: Called Strike 2-1: SINGLE (Groundball, 34D, EV 108.1 MPH)
|
|
Batting: RHB Brent Little
|
0-0: Ball Max Stillo steals 2nd base 1-0: SINGLE (Groundball, 5L, EV 96.9 MPH) Max Stillo to third Runner from 3rd tries for Home, throw by LF and OUT! 7-2
|
|
Batting: SHB Yutaro Takahashi
|
0-0: Swinging Strike 0-1: Ball 1-1: Ball 2-1: Foul Ball, location: 2F 2-2: Grounds out, U3 (Groundball, 3L, EV 110.0 MPH)
|
|
Batting: LHB Ramon Vega
|
0-0: Ground out 5-3 (Groundball, 56, EV 85.6 MPH)
|
| Top of the 6th over - 0 runs, 2 hits, 0 errors, 1 left on base; San Diego (APP) 6 - Grand Junction 1 |
| BOTTOM OF THE 6TH |
|
Grand Junction Rockies batting - Pitching for San Diego (APP) Padres : RHP Roger Watkins
|
|
Batting: LHB Chris Salim
|
0-0: Ball 1-0: Foul Ball, location: 2F 1-1: Ball 2-1: Foul Ball, location: 2F 2-2: Ball 3-2: SOLO HOME RUN (Line Drive, 78XD, EV 105.6 MPH), Distance : 430 ft
|
|
Batting: RHB Henry Alvizo
|
0-0: Called Strike 0-1: Ground out 5-3 (Groundball, 56, EV 78.8 MPH)
|
|
Batting: RHB Willis Morales
|
0-0: Ball 1-0: Ground out 6-3 (Groundball, 56, EV 83.8 MPH)
|
|
Batting: RHB Bryce Hickman
|
0-0: Called Strike 0-1: Ground out 5-3 (Groundball, 56, EV 103.8 MPH)
|
| Bottom of the 6th over - 1 run, 1 hit, 0 errors, 0 left on base; San Diego (APP) 6 - Grand Junction 2 |
| TOP OF THE 7TH |
|
San Diego (APP) Padres batting - Pitching for Grand Junction Rockies : RHP Jim Micaletti
|
|
Batting: RHB Antonio Lara
|
0-0: SINGLE (Flyball, 9LS, EV 97.5 MPH)
|
|
Batting: RHB Freddie Brown
|
0-0: Ball Antonio Lara steals 2nd, throwing error, E2 Antonio Lara to third 1-0: Ball 2-0: TRIPLE (Flyball, 89XD, EV 96.9 MPH) Antonio Lara scores
|
|
Pinch Runner at 3rd Wally Cangro:
|
|
|
Batting: LHB Hugo MacBeth
|
0-0: Ball 1-0: Ball 2-0: Called Strike 2-1: Ball 3-1: Base on Balls
|
|
Batting: LHB Phil Lerner
|
0-0: Ball 1-0: Ball 2-0: Swinging Strike 2-1: Ball 3-1: Called Strike 3-2: Base on Balls Hugo MacBeth to second
|
|
Batting: RHB Aaron Joseph
|
0-0: Ball 1-0: Fly out, F6 (Popup, 6D, EV 53.1 MPH)
|
|
Pitching: RHP Jeff Sorrels
|
|
|
Batting: RHB Max Stillo
|
0-0: Ball 1-0: Grounds into double play, 5-4-3 (Groundball, 56, EV 80.0 MPH)
|
| Top of the 7th over - 1 run, 2 hits, 1 error, 2 left on base; San Diego (APP) 7 - Grand Junction 2 |
| BOTTOM OF THE 7TH |
|
Grand Junction Rockies batting - Pitching for San Diego (APP) Padres : RHP Roger Watkins
|
|
Now in LF: Wally Cangro
|
|
|
Now in CF: Ramon Vega
|
|
|
Batting: RHB Zakhar Edelman
|
0-0: Called Strike 0-1: Called Strike 0-2: Ball 1-2: Ground out 6-3 (Groundball, 6, EV 90.6 MPH)
|
|
Batting: LHB Harry Folsom
|
0-0: Called Strike 0-1: Called Strike 0-2: Ball 1-2: Foul Ball, location: 2F 1-2: Ball 2-2: Fly out, F7 (Flyball, 7, EV 97.5 MPH)
|
|
Batting: RHB Juan Figueroa
|
0-0: Ground out U3 (Groundball, 34S, EV 80.0 MPH)
|
| Bottom of the 7th over - 0 runs, 0 hits, 0 errors, 0 left on base; San Diego (APP) 7 - Grand Junction 2 |
| TOP OF THE 8TH |
|
San Diego (APP) Padres batting - Pitching for Grand Junction Rockies : RHP Jeff Sorrels
|
|
Batting: RHB Brent Little
|
0-0: Ball 1-0: Ball 2-0: Called Strike 2-1: SINGLE (Groundball, 34D, EV 100.0 MPH)
|
|
Batting: SHB Yutaro Takahashi
|
0-0: Ball 1-0: Ball 2-0: Called Strike 2-1: Ball 3-1: Foul Ball, location: 2F 3-2: Base on Balls Brent Little to second
|
|
Batting: LHB Ramon Vega
|
0-0: Ball 1-0: Ball 2-0: Sac Bunt to 23 - play at first, batter OUT! 3-4 Brent Little to third Yutaro Takahashi to second
|
|
Batting: RHB Antonio Lara
|
0-0: Fly out, F8 (Flyball, 8RM, EV 96.2 MPH)
|
|
Batting: RHB Wally Cangro
|
0-0: Ground out 6-3 (Groundball, 6, EV 84.4 MPH)
|
| Top of the 8th over - 0 runs, 1 hit, 0 errors, 2 left on base; San Diego (APP) 7 - Grand Junction 2 |
| BOTTOM OF THE 8TH |
|
Grand Junction Rockies batting - Pitching for San Diego (APP) Padres : RHP Roger Watkins
|
|
Pitching: RHP Scott Gillis
|
|
|
Batting: LHB Zack Guillen
|
0-0: Ball 1-0: Called Strike 1-1: Called Strike 1-2: Foul Ball, location: 2F 1-2: Ball 2-2: Strikes out looking
|
|
Batting: LHB Luke Coulter
|
0-0: Ball 1-0: Called Strike 1-1: Ground out 5-3 (Groundball, 6, EV 102.5 MPH)
|
|
Batting: LHB Chris Salim
|
0-0: Called Strike 0-1: Ball 1-1: Ball 2-1: DOUBLE (Flyball, 8LXD, EV 115.0 MPH)
|
|
Batting: RHB Henry Alvizo
|
0-0: Fly out, F9 (Line Drive, 9S, EV 90.6 MPH)
|
| Bottom of the 8th over - 0 runs, 1 hit, 0 errors, 1 left on base; San Diego (APP) 7 - Grand Junction 2 |
| TOP OF THE 9TH |
|
San Diego (APP) Padres batting - Pitching for Grand Junction Rockies : RHP Jeff Sorrels
|
|
Batting: LHB Hugo MacBeth
|
0-0: Ball 1-0: TRIPLE (Flyball, 89XD, EV 92.5 MPH)
|
|
Batting: LHB Phil Lerner
|
0-0: Foul Ball, location: 2F 0-1: Reached on error, E5 (Groundball, 56, EV 110.6 MPH) Hugo MacBeth scores
|
|
Batting: RHB Aaron Joseph
|
0-0: Called Strike 0-1: Foul Ball, location: 2F 0-2: Ball 1-2: Hit by Pitch
|
|
Batting: RHB Max Stillo
|
0-0: Foul Ball, location: 2F 0-1: Swinging Strike 0-2: Ball Wild Pitch! Phil Lerner to third Aaron Joseph to second 1-2: SINGLE (Groundball, 4MD, EV 107.5 MPH) Phil Lerner scores Aaron Joseph to third
|
|
Batting: RHB Brent Little
|
0-0: Swinging Strike 0-1: Foul Ball, location: 2F 0-2: Ball 1-2: Fielders Choice at 2nd, 3-6 (Groundball, 34, EV 105.6 MPH) Aaron Joseph scores
|
|
Batting: SHB Yutaro Takahashi
|
0-0: Ball 1-0: Ball 2-0: Ball 3-0: Called Strike 3-1: Called Strike 3-2: Foul Ball, location: 2F 3-2: Base on Balls Brent Little to second
|
|
Batting: LHB Ramon Vega
|
0-0: Fly out, F9 (Line Drive, 9, EV 89.4 MPH)
|
|
Batting: RHB Antonio Lara
|
0-0: Hit by Pitch Brent Little to third Yutaro Takahashi to second
|
|
Pinch Hitting: LHB Carlos Cuellar
|
0-0: Ball 1-0: Ball 2-0: Ball 3-0: Called Strike 3-1: Base on Balls Brent Little scores Yutaro Takahashi to third Antonio Lara to second
|
|
Batting: LHB Hugo MacBeth
|
0-0: Ball 1-0: Ball Wild Pitch! Yutaro Takahashi scores Antonio Lara to third Carlos Cuellar to second 2-0: Ground out 5-3 (Groundball, 56S, EV 86.9 MPH)
|
| Top of the 9th over - 5 runs, 2 hits, 1 error, 2 left on base; San Diego (APP) 12 - Grand Junction 2 |
| BOTTOM OF THE 9TH |
|
Grand Junction Rockies batting - Pitching for San Diego (APP) Padres : RHP Scott Gillis
|
|
Now in LF: Carlos Cuellar
|
|
|
Batting: RHB Willis Morales
|
0-0: Ball 1-0: Ball 2-0: Ball 3-0: Base on Balls
|
|
Batting: RHB Bryce Hickman
|
|
|
Pinch Hitting: LHB Bill McGregor
|
0-0: Ball 1-0: Swinging Strike 1-1: Swinging Strike 1-2: Foul Ball, location: 2F 1-2: Ball 2-2: Fly out, F6 (Popup, P, EV 81.9 MPH)
|
|
Pinch Hitting: LHB Jason Ryan
|
0-0: Ball 1-0: Called Strike 1-1: Swinging Strike 1-2: Ball 2-2: Strikes out swinging
|
|
Batting: LHB Harry Folsom
|
0-0: Ball 1-0: Foul Ball, location: 2F 1-1: Foul Ball, location: 2F 1-2: Ball 2-2: Ball 3-2: Foul Ball, location: 2F 3-2: Base on Balls Willis Morales to second
|
|
Batting: RHB Juan Figueroa
|
0-0: Swinging Strike 0-1: Foul Ball, location: 2F 0-2: Strikes out swinging
|
| Bottom of the 9th over - 0 runs, 0 hits, 0 errors, 2 left on base; San Diego (APP) 12 - Grand Junction 2 |
|